 Dungeon Crawl Stone Soup version 0.24.0-123-gd5b16e6ec5 (webtiles) character file.

Game seed: 14402204596017808471, levelgen mode: deterministic

511 FishyPogo the Magician (level 6, -2/32 HPs)
             Began as a Deep Elf Conjurer on Jan 12, 2020.
             Killed from afar by Sigmund (11 damage)
             ... with a puff of flame
             ... on level 4 of the Dungeon.
             The game lasted 00:10:40 (2999 turns).

FishyPogo the Magician (Deep Elf Conjurer)          Turns: 2999, Time: 00:10:41

Health: -2/32      AC:  3    Str:  5    XL:     6   Next: 99%
Magic:  0/17       EV: 14    Int: 22    God:
Gold:   239        SH:  0    Dex: 15    Spells: 7/17 levels left

rFire    . . .     SeeInvis .   n - +0 dagger
rCold    . . .     Gourm    .   (no shield)
rNeg     . . .     Faith    .   a - +0 robe
rPois    .         Spirit   .   (no helmet)
rElec    .         Reflect  .   (no cloak)
rCorr    .         Harm     .   l - +0 pair of gloves (curse)
MR       .....                  (no boots)
Stlth    +++.......             (no amulet)
HPRegen  0.10/turn              (no ring)
MPRegen  0.15/turn              (no ring)

@: very slightly contaminated
A: no striking features
a: no special abilities


You were on level 4 of the Dungeon.
You were hungry.

You visited 1 branch of the dungeon, and saw 4 of its levels.

You collected 239 gold pieces.

Inventory:

Hand Weapons
 n - a +0 dagger (weapon)
Missiles
 f - 127 stones (quivered)
 p - 4 curare-tipped darts
 u - 10 poisoned darts
 y - 5 boomerangs
Armour
 a - a +0 robe (worn)
 l - a cursed +0 pair of gloves (worn)
 t - a +1 leather armour of poison resistance
 A - a +3 ring mail
Jewellery
 w - an uncursed ring of ice
Wands
 o - a wand of flame (14)
Scrolls
 b - 3 scrolls of fear {unknown}
 e - 5 scrolls of identify {unknown}
 i - 5 scrolls of remove curse {unknown}
 k - a scroll of enchant armour {unknown}
 q - a scroll of random uselessness {unknown}
 B - a scroll of teleportation {unknown}
 C - a scroll of fog {unknown}
Potions
 d - 2 potions of haste {unknown}
 g - a potion of cancellation {unknown}
 h - a potion of degeneration {unknown}
 j - 3 potions of curing {unknown}
 m - 2 potions of berserk rage {unknown}
 r - 2 potions of agility {unknown}
 v - a potion of mutation {unknown}
 x - a potion of ambrosia {unknown}
 z - a potion of brilliance {unknown}
Comestibles
 c - 10 rations
 s - 6 chunks of flesh


   Skills:
 * Level 2.0 Armour
 + Level 4.2 Dodging
 + Level 4.4 Stealth
 * Level 6.1 Spellcasting
 + Level 5.3 Conjurations
 + Level 2.2 Hexes


You had 7 spell levels left.
You knew the following spells:

 Your Spells              Type           Power        Failure   Level  Hunger
a - Magic Dart            Conj           ####         1%          1    None
b - Searing Ray           Conj           ####..       1%          2    None
d - Dazzling Spray        Conj/Hex       ###...       6%          3    #......
p - Fulminant Prism       Conj/Hex       ###.......   19%         4    ###....

Your spell library contained the following spells:

 Spells                   Type           Power        Failure   Level  Hunger
 Iskenderun's Mystic Bla  Conj           ####....     10%         4    ###....
 Force Lance              Conj/Tloc      ###.....     30%         4    ###....


Dungeon Overview and Level Annotations

Branches:
Dungeon (4/15)
 Temple: D:4-7

Altars:
Trog
Yredelemnul

Annotations:
D:2 Terence
D:4 Sigmund


Message History

Sigmund points at you and mumbles some strange words.
You resist with some effort.
You closely miss Sigmund.
Sigmund is almost dead.
Sigmund casts a spell.
Sigmund flickers and vanishes!
Deactivating autopickup; reactivate with Ctrl-A.
Casting: Magic Dart (safe; 1% risk of failure)
Confirm with . or Enter, or press ? or * to list all spells.
You can't see any susceptible monsters within range! (Use Z to cast anyway.)
Casting: Magic Dart (safe; 1% risk of failure)
Confirm with . or Enter, or press ? or * to list all spells.
Aiming: Magic Dart (safe; 1% risk of failure)
Press: ? - help, Shift-Dir - straight line The magic dart hits something.
Something barely misses you.
You closely miss something.
You hear some strange, mumbled words.
A puff of flame appears from out of thin air!
The puff of flame hits you!
You die...

#.######### #.# ......@...#
#######.# #.#######.# #........
#.# #.#####.# #.# #.# #)# #.# #.#
#.) #.# #.# ### ##{# #.# #.@#
##.## ##+## #.## #...# ##...##
#.# #...# #.....## ###.# #...##
.......## ##...## ##.#.## #
........####....[########....####
<.......'.......................)
........###........######....####
.......## #.......## #.#.## #


There were no monsters in sight!

Vanquished Creatures
  Blork the orc (D:4)
  4 orc priests
  3 orc wizards (D:4)
  2 worker ants
  A hound skeleton (D:4)
  A howler monkey skeleton (D:3)
  A howler monkey zombie (D:3)
  4 adders
  3 gnolls (D:4)
  An adder skeleton (D:3)
  4 worms
  A dart slug (D:4)
  2 leopard geckos
  10 orcs
  2 ball pythons
  7 giant cockroaches
  9 goblins
  A hobgoblin (D:3)
  8 jackals
  3 kobolds
  3 quokkas
  3 ball python skeletons
  9 bats
  3 frilled lizards
  A jackal skeleton (D:4)
  6 rats
93 creatures vanquished.

Vanquished Creatures (others)
  2 fulminant prisms (D:4)
2 creatures vanquished.

Grand Total: 95 creatures vanquished

Notes
Turn   | Place    | Note
-------+----------+-------------------------------------------
     0 | D:1      | FishyPogo the Deep Elf Conjurer began the quest for the
                  | Orb.
     0 | D:1      | Reached XP level 1. HP: 10/10 MP: 6/6
    83 | D:1      | Reached XP level 2. HP: 15/15 MP: 1/8
    87 | D:1      | Learned a level 2 spell: Searing Ray
    97 | D:1      | You fall into a shaft and drop 1 floor!
   293 | D:1      | Reached XP level 3. HP: 19/19 MP: 6/10
   298 | D:1      | Learned a level 3 spell: Dazzling Spray
   448 | D:1      | Reached skill level 4 in Spellcasting
   917 | D:2      | Reached XP level 4. HP: 24/24 MP: 7/12
   961 | D:2      | Learned a level 4 spell: Fulminant Prism
   988 | D:2      | Found a basalt altar of Yredelemnul.
   989 | D:2      | Noticed Terence
  1259 | D:3      | Reached skill level 5 in Spellcasting
  1416 | D:3      | Noticed a moth of wrath
  1420 | D:3      | Found a bloodstained altar of Trog.
  1436 | D:3      | Reached XP level 5. HP: 28/28 MP: 9/14
  1614 | D:3      | Reached skill level 5 in Conjurations
  1939 | D:4      | Reached skill level 1 in Hexes
  2052 | D:4      | Reached skill level 1 in Armour
  2110 | D:4      | Reached XP level 6. HP: 28/32 MP: 4/16
  2853 | D:4      | Noticed Blork the orc
  2858 | D:4      | Killed Blork the orc
  2858 | D:4      | Reached skill level 6 in Spellcasting
  2969 | D:4      | Noticed Sigmund
  2999 | D:4      | Killed from afar by Sigmund

Levels and vault maps discovered:
D:1:      minmay_arrival_plants_in_alcoves, layout_rooms, serial_rivers,
          chequers_serial_rivers_micro_e, chequers_serial_rivers_large_a,
          chequers_serial_rivers_micro_b, chequers_serial_rivers_micro_a,
          chequers_serial_rivers_micro_a
D:2:      layout_basic, nicolae_overflow_crystal_walls, first_ration,
          uniq_terence
D:3:      layout_rooms, serial_undead, serial_undead_a, serial_undead_e,
          serial_undead_f, serial_undead_b, tgw_trog
D:4:      layout_loops_corners, serial_bayou_crossing, uniq_sigmund,
          uniq_blork_the_orc, uniq_crazy_yiuf_cottage

Skill      XL: |  1  2  3  4  5  6 |
---------------+-------------------+-----
Stealth        | 3 4 |  4.4
Spellcasting   | 4 5 6 |  6.1
Dodging        | 3 4 |  4.2
Conjurations   | 5 |  5.3
Hexes          | 1 2 |  2.2
Armour         | 1 2 |  2.0

Action                   |  1- 3 |  4- 6 || total
-------------------------+-------+-------++-------
Melee: Unarmed           |    15 |     8 ||    23
       Dagger            |       |    36 ||    36
 Cast: Magic Dart        |    62 |   146 ||   208
       Searing Ray       |       |     6 ||     6
       Fulminant Prism   |       |     2 ||     2
       Dazzling Spray    |       |     2 ||     2
 Stab: Invisible         |       |     1 ||     1
       Sleeping          |       |     1 ||     1
  Eat: Chunk             |       |     6 ||     6
Armor: Robe              |     4 |     7 ||    11
Dodge: Dodged            |    18 |    46 ||    64
